 Dungeon Sprint DCSS version 0.22.1-1-ga44c0e56f4 (webtiles) character file.

1853 MuseOD the Unseen (level 8, -2/45 HPs)
             Began as a Spriggan Enchanter on Sept 27, 2018.
             Was a Believer of Dithmenos.
             Shot with an arrow by a centaur warrior (12 damage)
             ... in the Dungeon (Sprint III: "The Ten Rune Challenge").
             The game lasted 00:04:05 (1320 turns).

MuseOD the Unseen (Spriggan Enchanter)              Turns: 1320, Time: 00:04:05

Health: -2/45      AC:  6    Str:  4    XL:     8   Next: 89%
Magic:  17/20      EV: 18    Int: 18    God:    Dithmenos [**....]
Gold:   50         SH:  0    Dex: 17    Spells: 10/22 levels left

rFire    + . .     SeeInvis +   a - +1 dagger
rCold    + . .     Gourm    .   (shield restricted)
rNeg     . . .     Faith    .   c - +2 robe {rC+ rF+}
rPois    .         Spirit   .   (helmet restricted)
rElec    .         Reflect  .   k - +1 cloak {MR+}
rCorr    .         Harm     .   (gloves unavailable)
MR       ++...     NoTele   +   (boots unavailable)
Stlth    ++++++++..             (no amulet)
HPRegen  0.15/turn              (no ring)
MPRegen  0.17/turn              (no ring)

@: wreathed by umbra, very quick
A: very small, unfitting armour, see invisible, herbivore, speed 3, slow
metabolism 2
a: Shadow Step, Renounce Religion


You were in the Dungeon.
You worshipped Dithmenos.
Dithmenos was pleased with you.
You were not hungry.

You visited 1 branch You collected 50 gold pieces.

Inventory:

Hand Weapons
 a - a +1 dagger (weapon)
Armour
 b - a +0 robe
 c - a +2 robe of resistance (worn)
 k - a +1 cloak of magic resistance (worn)
Wands
 i - a wand of flame (19)
Scrolls
 j - a scroll of blinking
 m - a scroll of immolation {unknown}
 n - 3 scrolls of identify
 o - a scroll of remove curse {unknown}
 q - a scroll of holy word {unknown}
 r - a scroll of enchant weapon {unknown}
Potions
 e - 3 potions of curing
 f - a potion of heal wounds
 g - a potion of haste
 h - 2 potions of magic
 l - 4 potions of mutation {unknown}
 p - 4 potions of flight
Comestibles
 d - 4 rations


   Skills:
 - Level 6.5 Fighting
 - Level 12.0 Short Blades
 - Level 3.0 Dodging
 + Level 15.2 Stealth
 + Level 7.9 Spellcasting
 + Level 4.5 Conjurations
 + Level 8.3 Hexes


You had 10 spell levels left.
You knew the following spells:

 Your Spells              Type           Power        Failure   Level  Hunger
a - Corona                Hex            #####..      1%          1    None
b - Ensorcelled Hibernat  Hex/Ice        ###...       2%          2    None
c - Confuse               Hex            #####...     1%          3    #......
d - Dazzling Spray        Conj/Hex       ####..       1%          3    #......
e - Mephitic Cloud        Conj/Pois/Air  ##......     16%         3    #......

Your spell library contained the following spells:

 Spells                   Type           Power        Failure   Level  Hunger
 Magic Dart               Conj           ###.         1%          1    None
 Slow                     Hex            #####...     1%          2    None
 Tukima's Dance           Hex            #####...     1%          3    #......
 Cause Fear               Hex            #####.....   3%          4    ###....
 Inner Flame              Hex/Fire       ###.....     5%          3    #......
 Portal Projectile        Hex/Tloc       ###...       5%          3    #......
 Conjure Flame            Conj/Fire      ###.....     12%         3    #......
 Blink                    Tloc           N/A          16%         2    None
 Call Imp                 Summ           #.......     16%         2    None
 Leda's Liquefaction      Hex/Erth       ###.......   17%         4    ###....


Dungeon Overview and Level Annotations

Branches:
Dungeon (1/1)

Altars:
Cheibriados
Dithmenos
Elyvilon
Fedhas
Gozag
Hepliaklqana
Kikubaaqudgha
Makhleb
Nemelex Xobeh
Qazlal
Ru
Sif Muna
Vehumet
Xom
Yredelemnul
Zin
The Shining One
Jiyva
Lugonu


Innate Abilities, Weirdness & Mutations

You are very small and have problems with some larger weapons.
You are too small for most types of armour.
You have supernaturally acute eyesight. (SInv)
You are a herbivore.
You cover ground extremely quickly.
You need to consume almost no food.


Message History

The helpless centaur fails to defend itself.
You skewer the centaur like a kebab!!!!
You kill the centaur!
Dithmenos accepts your kill.
The centaur shouts!
The centaur warrior shouts!
The centaur warrior wields a shortbow.
The centaur warrior shoots an arrow.
The arrow hits you!!
Ouch! That really hurt!
The centaur wields a shortbow.
The centaur shoots an arrow.
The arrow hits you!
* * * LOW HITPOINT WARNING * * *
Unknown command.
Casting: Dazzling Spray (safe; 1% risk of failure)
Confirm with . or Enter, or press ? or * to list all spells.
Aiming: Mephitic Cloud (safe; 16% risk of failure)
Press: ? - help, Shift-Dir - straight line, f - centaur
Aim: a centaur, wielding a shortbow (umbra)
The ball explodes into a vile cloud!
The stinking cloud engulfs the centaur.
The stinking cloud engulfs the centaur warrior.
The centaur warrior shoots an arrow.
The arrow hits you!
You die...

#__# #._# ###'##
.....# .....# ####'#
_#...#+#############
_#...#..≈≈§§§#.'...+
_#...#.#≈≈§#§#.#@..#
_#...'.#§§.#.#.#§§§#
_'...#.#§§.#...#cc.#
▓▓▓▓▓▓▓▓▓▓▓▓▓▓▓▓▓▓▓#


You could see a centaur warrior and a centaur.

Vanquished Creatures
  Snorg (D)
  A deep elf mage (D)
  A shadow (D)
  A spatial vortex (D)
  A necrophage (D)
  A centaur (D)
  A water elemental (D)
  A jelly (D)
  Crazy Yiuf (D)
  A wizard (D)
  Jessica (D)
  A necromancer (D)
  A kobold demonologist (D)
  A human (D)
  An ooze (D)
  2 rats (D)
17 creatures vanquished.

Vanquished Creatures (others)
  2 draconian scorchers (D)
  6 hellions (D)
  2 yaktaurs (D)
10 creatures vanquished.

Grand Total: 27 creatures vanquished

Notes
Turn   | Place    | Note
-------+----------+-------------------------------------------
     0 | D        | MuseOD the Spriggan Enchanter began the quest for the Orb.
     0 | D        | Reached XP level 1. HP: 9/9 MP: 5/5
    21 | D        | Reached skill level 1 in Fighting
    21 | D        | Reached skill level 5 in Stealth
    26 | D        | Killed a yaktaur
    79 | D        | Killed a hellion
   119 | D        | Killed a hellion
   124 | D        | Killed a hellion
   124 | D        | Killed a hellion
   135 | D        | Killed a hellion
   147 | D        | Killed a white draconian scorcher
   154 | D        | Killed a white draconian scorcher
   188 | D        | Killed a hellion
   290 | D        | Noticed Jessica
   310 | D        | Killed Jessica
   310 | D        | Reached skill level 6 in Stealth
   310 | D        | Reached XP level 2. HP: 11/15 MP: 6/6
   310 | D        | Reached XP level 3. HP: 13/18 MP: 8/8
   441 | D        | Learned a level 2 spell: Ensorcelled Hibernation
   445 | D        | Learned a level 3 spell: Confuse
   463 | D        | Reached skill level 5 in Short Blades
   463 | D        | Reached skill level 7 in Stealth
   471 | D        | Noticed Crazy Yiuf
   478 | D        | Killed Crazy Yiuf
   478 | D        | Reached XP level 4. HP: 24/24 MP: 9/9
   511 | D        | Noticed a water elemental
   514 | D        | Killed a water elemental
   514 | D        | Reached skill level 8 in Stealth
   523 | D        | Found a basalt altar of Yredelemnul.
   523 | D        | Found a shadowy altar of Dithmenos.
   523 | D        | Found a sacrificial altar of Ru.
   523 | D        | Noticed a necrophage
   527 | D        | Killed a necrophage
   527 | D        | Reached skill level 10 in Stealth
   527 | D        | Reached XP level 5. HP: 30/30 MP: 6/10
   551 | D        | Became a worshipper of Dithmenos the Shadowed
   648 | D        | Killed a yaktaur
   712 | D        | Found a glowing silver altar of Zin.
   712 | D        | Found a glowing golden altar of the Shining One.
   712 | D        | Found a white marble altar of Elyvilon.
   712 | D        | Noticed a deep elf mage
   715 | D        | Killed a deep elf mage
   715 | D        | Reached skill level 12 in Stealth
   715 | D        | Reached XP level 6. HP: 37/37 MP: 11/11
   715 | D        | Reached XP level 7. HP: 41/41 MP: 12/12
   729 | D        | Learned a level 3 spell: Dazzling Spray
   730 | D        | Found a radiant altar of Vehumet.
   730 | D        | Found a deep blue altar of Sif Muna.
   730 | D        | Found an ancient bone altar of Kikubaaqudgha.
   734 | D        | Reached * piety under Dithmenos
   751 | D        | Noticed a shadow
   753 | D        | Killed a shadow
   753 | D        | Reached skill level 13 in Stealth
   753 | D        | Reached skill level 5 in Hexes
   780 | D        | Noticed Snorg
   783 | D        | Killed Snorg
   783 | D        | Reached ** piety under Dithmenos
   783 | D        | Reached skill level 14 in Stealth
   783 | D        | Reached XP level 8. HP: 45/45 MP: 11/20
  1010 | D        | Found a blossoming altar of Fedhas.
  1010 | D        | Found a stormy altar of Qazlal.
  1011 | D        | Found a snail-covered altar of Cheibriados.
  1011 | D        | Found a burning altar of Makhleb.
  1011 | D        | Found a hazy altar of Hepliaklqana.
  1011 | D        | Found a shimmering altar of Xom.
  1011 | D        | Found an opulent altar of Gozag.
  1011 | D        | Found a sparkling altar of Nemelex Xobeh.
  1011 | D        | Found a corrupted altar of Lugonu.
  1011 | D        | Found a viscous altar of Jiyva.
  1019 | D        | Reached skill level 15 in Stealth
  1316 | D        | Learned a level 3 spell: Mephitic Cloud
  1317 | D        | Noticed a centaur warrior
  1320 | D        | Shot with an arrow by a centaur warrior

Skill      XL: |  1  2  3  4  5  6  7  8 |
---------------+-------------------------+-----
Fighting       | 2 3 4 6 |  6.5
Short Blades   | 4 6 9 12 | 12.0
Stealth        | 6 7 10 12 14 15 | 15.2
Spellcasting   | 7 |  7.9
Hexes          | 7 8 |  8.3
Conjurations   | 4 |  4.5
Dodging        | |  3.0

Action                   |  1- 3 |  4- 6 |  7- 9 || total
-------------------------+-------+-------+-------++-------
Melee: Dagger            |    31 |    15 |     8 ||    54
 Cast: Confuse           |       |     3 |       ||     3
       Ensorcelled Hiber |       |       |     1 ||     1
       Dazzling Spray    |       |       |    18 ||    18
       Mephitic Cloud    |       |       |     1 ||     1
  Use: Potion            |     1 |     1 |       ||     2
 Stab: Sleeping          |     2 |     2 |     6 ||    10
       Confused          |       |     1 |       ||     1
Dodge: Dodged            |    21 |     2 |     2 ||    25
